 Dungeon Crawl Stone Soup version 0.28-a0-938-gbc3f381ebc (webtiles) character file.

Game seed: 7087480352140354900

206 blank1 the Skirmisher (level 5, -5/48 HPs)
             Began as a Minotaur Fighter on Nov 29, 2021.
             Killed from afar by an orc wizard (8 damage)
             ... with a magic dart
             ... on level 3 of the Dungeon.
             The game lasted 00:03:55 (2837 turns).

blank1 the Skirmisher (Minotaur Fighter)            Turns: 2837, Time: 00:03:55

Health: -5/48      AC:  7    Str: 22    XL:     5   Next: 53%
Magic:  4/4        EV: 10    Int: 11    God:
Gold:   96         SH:  4    Dex:  9    Spells: 4/4 levels left

rFire   . . .      SeeInvis .   a - +0 flail
rCold   . . .      Faith    .   c - +0 buckler
rNeg    . . .      Spirit   .   b - +0 scale mail
rPois   .          Reflect  .   (helmet restricted)
rElec   .          Harm     .   (no cloak)
rCorr   .          Rampage  .   (no gloves)
Will    .....                   (no boots)
Stlth   ..........              (no amulet)
HPRegen 0.16/turn               j - +6 ring of intelligence
MPRegen 0.09/turn               (no ring)

@: mighty
A: horns 2, retaliatory headbutt
a: no special abilities


You were on level 3 of the Dungeon.
You visited 1 branch of the dungeon, and saw 3 of its levels.

You collected 96 gold pieces.

Inventory:

Hand Weapons
 a - a +0 flail (weapon)
Missiles
 m - 3 javelins (quivered)
Armour
 b - a +0 scale mail (worn)
 c - a +0 buckler (worn)
Jewellery
 j - a +6 ring of intelligence (left hand)
Wands
 k - a wand of paralysis (8)
Scrolls
 e - a scroll of enchant armour {unknown}
 g - 2 scrolls of identify {unknown}
 n - a scroll of noise {unknown}
 o - a scroll of teleportation {unknown}
 p - a scroll of torment {unknown}
 q - a scroll of enchant weapon {unknown}
Potions
 d - a potion of might
 f - a potion of heal wounds {unknown}
 h - 2 potions of haste {unknown}
 i - a potion of flight {unknown}
 l - 2 potions of curing {unknown}


   Skills:
 + Level 5.0 Fighting
 + Level 5.0 Maces & Flails
 - Level 4.0 Armour
 - Level 2.0 Dodging
 - Level 4.0 Shields


You had 4 spell levels left.
You didn't know any spells.
Your spell library contained the following spells:

 Spells                   Type           Power      Damage    Failure   Level
 Slow                     Hex            0%         N/A       65%         1
 Confusing Touch          Hex            0%         N/A       95%         3
 Frozen Ramparts          Ice            0%         1d2       95%         3
 Teleport Other           Tloc           0%         N/A       95%         3
 Hailstorm                Conj/Ice       0%         3d3       100%        4
 Manifold Assault         Tloc           0%         N/A       100%        5
 Yara's Violent Unravell  Hex/Tmut       0%         3d3       100%        5


Dungeon Overview and Level Annotations

Branches:
Dungeon (3/15)

Altars:


Innate Abilities, Weirdness & Mutations

You have a pair of horns on your head.
You reflexively headbutt those who attack you in melee.


Message History

Something tries to affect you, but you resist.
You block the orc priest's attack. Something hits you but does no damage.
Things that are here:
a +0 short sword; a +0 ring mail You closely miss the orc priest.
The orc priest mumbles some strange prayers to Beogh against you.
Pain shoots through your body!
You hear some strange, mumbled words.
A puff of flame appears from out of thin air!
The puff of flame hits you!
* * * LOW HITPOINT WARNING * * *
Unknown command.
Okay, then.
You feel very mighty all of a sudden. The orc priest barely misses you.
You furiously retaliate!
You headbutt the orc priest! Something hits you but does no damage.
Unknown command.
You sock the orc priest!
You kill the orc priest!
Something hits you.
* * * LOW HITPOINT WARNING * * *
Your Fighting skill increases to level 5!
Your Maces & Flails skill increases to level 5!
You sock the orc!
You kill the orc!
Something hits you but does no damage.
You barely miss something. Something hits you.
* * * LOW HITPOINT WARNING * * *
You sock something! Something hits you but does no damage.
You hit something but do no damage. Your headbutt misses something.
You hear some strange, mumbled words.
A puff of flame appears from out of thin air!
The puff of flame hits you!
* * * LOW HITPOINT WARNING * * *
Something hits you but does no damage.
You barely miss something.
You hear some strange, mumbled words.
A magic dart appears from out of thin air!
The magic dart hits you!
You die...

#.##########...###.#.#.
#.........#.##.###.#.#.
#########...###...##.##
########.####.###.##
#.............# #.#
#.#.########### #.# #
#.# #.# #.# #.# #@# #.#
......){# #.# #####...#
##########.# #...#
...........# .....
........##### ......
>...........< ..###.#
#.#####.####. #.. #.#
#.# #. #.# #.


There were no monsters in sight!

Vanquished Creatures
  A water moccasin skeleton (D:3)
  An orc priest (D:3)
  An iguana (D:2)
  3 adders
  A worm (D:2)
  2 dart slugs (D:3)
  7 orcs
  3 ball pythons
  5 endoplasms
  3 giant cockroaches
  3 goblins
  7 hobgoblins
  9 kobolds
  2 quokkas (D:1)
  7 bats
  A frilled lizard (D:3)
  8 rats
64 creatures vanquished.

Notes
Turn   | Place    | Note
-------+----------+-------------------------------------------
     0 | D:1      | blank1 the Minotaur Fighter began the quest for the Orb.
     0 | D:1      | Reached XP level 1. HP: 19/19 MP: 0/0
   211 | D:1      | Reached XP level 2. HP: 10/27 MP: 1/1
   860 | D:1      | Got the Volume of the Freezing Traveller
   995 | D:2      | Reached skill level 1 in Dodging
  1148 | D:2      | Reached XP level 3. HP: 33/33 MP: 2/2
  1630 | D:2      | Found a faded altar of an unknown god.
  1661 | D:2      | Reached XP level 4. HP: 19/40 MP: 3/3
  2053 | D:3      | Reached XP level 5. HP: 39/47 MP: 4/4
  2833 | D:3      | Reached skill level 5 in Fighting
  2833 | D:3      | Reached skill level 5 in Maces & Flails
  2837 | D:3      | Killed from afar by an orc wizard

Illustrated notes

Levels and vault maps discovered:
D:1:      lemuel_arrival_muddy, layout_loops_ring, minmay_misc_feat_columns,
          hangedman_decor_points, grunt_decor_clamped
D:2:      cheibrodos_helix_gallery, layout_loops_cross,
          hellmonk_ecumenical_altar_pennies_from_heaven,
          hangedman_abyss_or_decor_lesser_grid, minmay_misc_feat_alley
D:3:      layout_loops_ring, serial_co_window_serial, co_window_corner_a,
          co_window_of_opportunity_a, co_window_paths_a, co_window_paths_a,
          co_window_corner_a, co_window_corner_ca, co_window_of_opportunity_b,
          co_window_paths_c, co_window_of_opportunity_b, co_window_broadway_a,
          co_window_corner_cb, co_window_4corner_b, glass_columns_a,
          glass_columns_b, glass_columns_a

Skill      XL: |  1  2  3  4  5 |
---------------+----------------+-----
Dodging        | 1 2 |  2.0
Fighting       | 4 5 |  5.0
Armour         | 4 |  4.0
Shields        | 4 |  4.0
Maces & Flails | 4 5 |  5.0

Action                   |  1- 3 |  4- 6 || total
-------------------------+-------+-------++-------
Melee: Flail             |   111 |    60 ||   171
       Headbutt          |     8 |     4 ||    12
  Use: Potion            |       |     1 ||     1
Armor: Scale mail        |    67 |    28 ||    95
Dodge: Dodged            |    62 |    33 ||    95
Block: Buckler           |    32 |     8 ||    40

Table legend: (Time is in decaauts)
 A = Elapsed time spent in this place.
 B = Non-inter-level travel time spent in this place.
 C = Inter-level travel time spent in this place.
 D = Time resting spent in this place.
 E = Time spent auto-exploring this place.
 F = Levels seen in this place.
 G = Mean time per level.
                   A        B        C        D        E       F      G
               +--------+--------+--------+--------+--------+-----+--------+
         Total |   2879 |   2852 |     27 |    353 |   2038 |   3 |  959.7 |
       Dungeon |   2879 |   2852 |     27 |    353 |   2038 |   3 |  959.7 |
               +--------+--------+--------+--------+--------+-----+--------+

Top non-repeatable levels by time:
     D:2: 1030 daAuts
     D:1: 1007 daAuts
     D:3: 841 daAuts
